TOP OF THE 1ST |
Washington State University Cougars batting - Pitching for Wichita State University Shockers : LHP Jordan Ruiz
|
Pitching: LHP Jordan Ruiz
|
|
Batting: RHB Patrick Pinault
|
0-0: Bunt for hit to 13 - play at first, batter safe!
|
Batting: RHB Hugo Montemayor
|
0-0: Foul Ball, location: 2F 0-1: DOUBLE (Line Drive, 89XD, EV 105.6 MPH) Patrick Pinault to third
|
Batting: RHB Yang-cheng Kui
|
0-0: Called Strike 0-1: Fly out, F7 (Flyball, 78D, EV 104.4 MPH) Runner from 3rd tags up, SCORES, no throw by LF
|
Batting: LHB Jeremy Rideout
|
0-0: Called Strike 0-1: Ball 1-1: Ball 2-1: Ground out 4-3 (Groundball, 4, EV 79.4 MPH) Hugo Montemayor to third
|
Batting: RHB David Martin
|
0-0: Foul Ball, location: 2F 0-1: Foul Ball, location: 2F 0-2: Ball 1-2: Ball 2-2: Fly out, F7 (Flyball, 7D, EV 105.6 MPH)
|
Top of the 1st over - 1 run, 2 hits, 0 errors, 1 left on base; Washington State University 1 - Wichita State University 0 |
BOTTOM OF THE 1ST |
Wichita State University Shockers batting - Pitching for Washington State University Cougars : LHP Doug Whitling
|
Pitching: LHP Doug Whitling
|
|
Batting: RHB Rafael Irizarry
|
0-0: Called Strike 0-1: Called Strike 0-2: Ball 1-2: Foul Ball, location: 2F 1-2: Foul Ball, location: 2F 1-2: Ball 2-2: Ball 3-2: Foul Ball, location: 2F 3-2: Foul Ball, location: 2F 3-2: Strikes out swinging
|
Batting: SHB Nadhir Umayr
|
0-0: Ball 1-0: Ground out 4-3 (Groundball, 34, EV 89.4 MPH)
|
Batting: LHB Dong-u Chang
|
0-0: Foul Ball, location: 2F 0-1: Foul Ball, location: 2F 0-2: Ball 1-2: Ground out 6-3 (Groundball, 6, EV 85.6 MPH)
|
Bottom of the 1st over - 0 runs, 0 hits, 0 errors, 0 left on base; Washington State University 1 - Wichita State University 0 |
TOP OF THE 2ND |
Washington State University Cougars batting - Pitching for Wichita State University Shockers : LHP Jordan Ruiz
|
Batting: LHB Jose Cruz
|
0-0: SINGLE (Line Drive, 9S, EV 97.5 MPH)
|
Batting: RHB Danny Dimas
|
0-0: Called Strike 0-1: Grounds into double play, 4-6-3 (Groundball, 4, EV 88.1 MPH)
|
Batting: LHB Mike East
|
0-0: Ball 1-0: Foul Ball, location: 2F 1-1: Called Strike 1-2: Foul Ball, location: 2F 1-2: Ball 2-2: Fly out, F3 (Popup, 23F, EV 91.2 MPH)
|
Top of the 2nd over - 0 runs, 1 hit, 0 errors, 0 left on base; Washington State University 1 - Wichita State University 0 |
BOTTOM OF THE 2ND |
Wichita State University Shockers batting - Pitching for Washington State University Cougars : LHP Doug Whitling
|
Batting: RHB Israel Quinteros
|
0-0: Ball 1-0: Called Strike 1-1: Ball 2-1: Foul Ball, location: 2F 2-2: Ball 3-2: Foul Ball, location: 2F 3-2: Foul Ball, location: 2F 3-2: Foul Ball, location: 2F 3-2: Foul Ball, location: 2F 3-2: Strikes out swinging
|
Batting: RHB Daniel Pena
|
0-0: Ball 1-0: Ball 2-0: Called Strike 2-1: Ball 3-1: Called Strike 3-2: Fly out, F8 (Line Drive, 8LM, EV 100.6 MPH)
|
Batting: SHB Ed Mosqueda
|
0-0: Ball 1-0: Ball 2-0: Ball 3-0: Called Strike 3-1: Swinging Strike 3-2: Ground out 6-3 (Groundball, 6, EV 81.2 MPH)
|
Bottom of the 2nd over - 0 runs, 0 hits, 0 errors, 0 left on base; Washington State University 1 - Wichita State University 0 |
TOP OF THE 3RD |
Washington State University Cougars batting - Pitching for Wichita State University Shockers : LHP Jordan Ruiz
|
Batting: RHB Edwin Gutierrez
|
0-0: Ball 1-0: Swinging Strike 1-1: Ball 2-1: Foul Ball, location: 2F 2-2: Foul Ball, location: 2F 2-2: Strikes out swinging
|
Batting: RHB Patrick Pinault
|
0-0: Ball 1-0: Ball 2-0: Ball 3-0: Called Strike 3-1: Base on Balls
|
Batting: RHB Hugo Montemayor
|
0-0: Ball 1-0: Ball 2-0: Grounds into double play, 4-6-3 (Groundball, 4, EV 95.0 MPH)
|
Top of the 3rd over - 0 runs, 0 hits, 0 errors, 0 left on base; Washington State University 1 - Wichita State University 0 |
BOTTOM OF THE 3RD |
Wichita State University Shockers batting - Pitching for Washington State University Cougars : LHP Doug Whitling
|
Batting: RHB Yutaka Yamane
|
0-0: Foul Ball, location: 2F 0-1: Fly out, F8 (Line Drive, 8LD, EV 100.0 MPH)
|
Batting: RHB Ziven Badersky
|
0-0: Called Strike 0-1: Called Strike 0-2: Ball 1-2: Ball 2-2: Foul Ball, location: 2F 2-2: Ball 3-2: Fly out, F3 (Popup, 3F, EV 70.0 MPH)
|
Batting: RHB Gus Casteneda
|
0-0: Ball 1-0: Ground out 1-3 (Groundball, 15S, EV 70.0 MPH)
|
Bottom of the 3rd over - 0 runs, 0 hits, 0 errors, 0 left on base; Washington State University 1 - Wichita State University 0 |
TOP OF THE 4TH |
Washington State University Cougars batting - Pitching for Wichita State University Shockers : LHP Jordan Ruiz
|
Batting: RHB Yang-cheng Kui
|
0-0: Ball 1-0: Fly out, F9 (Flyball, 9LD, EV 95.6 MPH)
|
Batting: LHB Jeremy Rideout
|
0-0: Swinging Strike 0-1: Ball 1-1: Hit by Pitch
|
Batting: RHB David Martin
|
0-0: Ball 1-0: Called Strike 1-1: Foul Ball, location: 2F 1-2: Ball 2-2: Ball 3-2: Fielders Choice at 2nd, 6-4 (Groundball, 6, EV 92.5 MPH)
|
Batting: LHB Jose Cruz
|
0-0: Swinging Strike 0-1: Ball 1-1: Swinging Strike 1-2: Strikes out looking
|
Top of the 4th over - 0 runs, 0 hits, 0 errors, 1 left on base; Washington State University 1 - Wichita State University 0 |
BOTTOM OF THE 4TH |
Wichita State University Shockers batting - Pitching for Washington State University Cougars : LHP Doug Whitling
|
Batting: RHB Rafael Irizarry
|
0-0: Ball 1-0: DOUBLE (Flyball, 8LD, EV 85.6 MPH)
|
Batting: SHB Nadhir Umayr
|
0-0: Swinging Strike 0-1: Ball 1-1: Ball 2-1: Foul Ball, location: 2F 2-2: Ball 3-2: Foul Ball, location: 2F 3-2: Base on Balls
|
Batting: LHB Dong-u Chang
|
0-0: Called Strike 0-1: Called Strike 0-2: Ball 1-2: Ball 2-2: Foul Ball, location: 2F 2-2: Grounds into double play, 3-6-1 (Groundball, 34, EV 105.0 MPH) Rafael Irizarry to third
|
Batting: RHB Israel Quinteros
|
0-0: 2-RUN HOME RUN (Flyball, 7D, EV 95.0 MPH), Distance : 364 ft
|
Batting: RHB Daniel Pena
|
0-0: Foul Ball, location: 2F 0-1: Ball 1-1: Foul Ball, location: 2F 1-2: Ball 2-2: Ground out 6-3 (Groundball, 6, EV 107.5 MPH)
|
Bottom of the 4th over - 2 runs, 2 hits, 0 errors, 0 left on base; Washington State University 1 - Wichita State University 2 |
TOP OF THE 5TH |
Washington State University Cougars batting - Pitching for Wichita State University Shockers : LHP Jordan Ruiz
|
Batting: RHB Danny Dimas
|
0-0: Called Strike 0-1: Ball 1-1: Ball 2-1: Ball 3-1: Foul Ball, location: 2F 3-2: Foul Ball, location: 2F 3-2: Base on Balls
|
Batting: LHB Mike East
|
0-0: Ball 1-0: Ball Wild Pitch! Danny Dimas to second 2-0: Foul Ball, location: 2F 2-1: Foul Ball, location: 2F 2-2: Ground out U3 (Groundball, 3, EV 92.5 MPH) Danny Dimas to third
|
Batting: RHB Edwin Gutierrez
|
0-0: Ball 1-0: Foul Ball, location: 2F 1-1: Foul Ball, location: 2F 1-2: Ball 2-2: Ball 3-2: Base on Balls
|
Batting: RHB Patrick Pinault
|
0-0: Called Strike 0-1: Foul Ball, location: 2F 0-2: Strikes out swinging
|
Batting: RHB Hugo Montemayor
|
0-0: Ball 1-0: Ball 2-0: Swinging Strike 2-1: Foul Ball, location: 2F 2-2: Ball 3-2: Base on Balls Edwin Gutierrez to second
|
Pitching: RHP Wes Frawley
|
|
Batting: RHB Noriya Yasuda
|
0-0: Ball 1-0: Ball 2-0: Ball 3-0: Base on Balls Danny Dimas scores Edwin Gutierrez to third Hugo Montemayor to second
|
Batting: LHB Jeremy Rideout
|
0-0: Fly out, F7 (Flyball, 7, EV 88.8 MPH)
|
Top of the 5th over - 1 run, 0 hits, 0 errors, 3 left on base; Washington State University 2 - Wichita State University 2 |
BOTTOM OF THE 5TH |
Wichita State University Shockers batting - Pitching for Washington State University Cougars : LHP Doug Whitling
|
Batting: SHB Ed Mosqueda
|
0-0: Called Strike 0-1: Called Strike 0-2: SINGLE (Groundball, 4MS, EV 66.9 MPH) (infield hit)
|
Batting: RHB Yutaka Yamane
|
0-0: Sac Bunt to 13 - play at first, batter OUT! 1-3 Ed Mosqueda to second
|
Batting: RHB Ziven Badersky
|
0-0: SINGLE (Line Drive, 9LS, EV 87.5 MPH) Ed Mosqueda to third
|
Batting: RHB Gus Casteneda
|
0-0: Called Strike 0-1: Ball 1-1: Fielders Choice at 2nd, 1-4 (Groundball, P, EV 65.0 MPH)
|
Batting: RHB Rafael Irizarry
|
0-0: Ball 1-0: Ball 2-0: Ball 3-0: Base on Balls Gus Casteneda to second
|
Pitching: LHP Adrian Huerta
|
|
Batting: SHB Nadhir Umayr
|
0-0: Ball 1-0: Foul Ball, location: 2F 1-1: Ground out U3 (Groundball, 3L, EV 104.4 MPH)
|
Bottom of the 5th over - 0 runs, 2 hits, 0 errors, 3 left on base; Washington State University 2 - Wichita State University 2 |
TOP OF THE 6TH |
Washington State University Cougars batting - Pitching for Wichita State University Shockers : RHP Wes Frawley
|
Batting: RHB David Martin
|
0-0: Ball 1-0: Called Strike 1-1: Foul Ball, location: 2F 1-2: Strikes out swinging
|
Batting: LHB Jose Cruz
|
0-0: Called Strike 0-1: Fly out, F9 (Flyball, 9, EV 85.6 MPH)
|
Batting: RHB Danny Dimas
|
0-0: Ball 1-0: Called Strike 1-1: Ball 2-1: Ball 3-1: Fly out, F7 (Line Drive, 7, EV 88.8 MPH)
|
Top of the 6th over - 0 runs, 0 hits, 0 errors, 0 left on base; Washington State University 2 - Wichita State University 2 |
BOTTOM OF THE 6TH |
Wichita State University Shockers batting - Pitching for Washington State University Cougars : LHP Adrian Huerta
|
Batting: LHB Dong-u Chang
|
0-0: Swinging Strike 0-1: Ball 1-1: Fly out, F7 (Flyball, 78S, EV 91.2 MPH)
|
Batting: RHB Israel Quinteros
|
0-0: Fly out, F9 (Flyball, 9LS, EV 88.1 MPH)
|
Batting: RHB Daniel Pena
|
0-0: Swinging Strike 0-1: Ball 1-1: Foul Ball, location: 2F 1-2: Fly out, F8 (Flyball, 8RXD, EV 89.4 MPH)
|
Bottom of the 6th over - 0 runs, 0 hits, 0 errors, 0 left on base; Washington State University 2 - Wichita State University 2 |
TOP OF THE 7TH |
Washington State University Cougars batting - Pitching for Wichita State University Shockers : RHP Wes Frawley
|
Batting: LHB Mike East
|
0-0: Ground out 5-3 (Groundball, 56, EV 105.6 MPH)
|
Batting: RHB Edwin Gutierrez
|
0-0: Called Strike 0-1: Fly out, F9 (Flyball, 9, EV 88.1 MPH)
|
Batting: RHB Patrick Pinault
|
0-0: Fly out, F7 (Flyball, 7LS, EV 92.5 MPH)
|
Top of the 7th over - 0 runs, 0 hits, 0 errors, 0 left on base; Washington State University 2 - Wichita State University 2 |
BOTTOM OF THE 7TH |
Wichita State University Shockers batting - Pitching for Washington State University Cougars : LHP Adrian Huerta
|
Pitching: RHP Joey Patrick
|
|
Batting: SHB Ed Mosqueda
|
0-0: Ground out 6-3 (Groundball, 6, EV 78.8 MPH)
|
Batting: RHB Yutaka Yamane
|
0-0: Ground out 4-3 (Groundball, 4, EV 98.8 MPH)
|
Batting: RHB Ziven Badersky
|
0-0: Ball 1-0: Ground out 6-3 (Groundball, 6S, EV 83.8 MPH)
|
Bottom of the 7th over - 0 runs, 0 hits, 0 errors, 0 left on base; Washington State University 2 - Wichita State University 2 |
TOP OF THE 8TH |
Washington State University Cougars batting - Pitching for Wichita State University Shockers : RHP Wes Frawley
|
Batting: RHB Hugo Montemayor
|
0-0: Called Strike 0-1: Called Strike 0-2: Ball 1-2: Strikes out looking
|
Batting: RHB Noriya Yasuda
|
0-0: Fly out, F7 (Flyball, 7, EV 94.4 MPH)
|
Batting: LHB Jeremy Rideout
|
0-0: Ball 1-0: Ball 2-0: Ground out U3 (Groundball, 3S, EV 90.0 MPH)
|
Top of the 8th over - 0 runs, 0 hits, 0 errors, 0 left on base; Washington State University 2 - Wichita State University 2 |
BOTTOM OF THE 8TH |
Wichita State University Shockers batting - Pitching for Washington State University Cougars : RHP Joey Patrick
|
Batting: RHB Gus Casteneda
|
0-0: Ball 1-0: Swinging Strike 1-1: Called Strike 1-2: Foul Ball, location: 2F 1-2: Foul Ball, location: 2F 1-2: Fly out, F9 (Flyball, 89XD, EV 100.6 MPH)
|
Batting: RHB Rafael Irizarry
|
0-0: Ball 1-0: Ball 2-0: Ball 3-0: Called Strike 3-1: Base on Balls
|
Batting: SHB Nadhir Umayr
|
0-0: Ball Rafael Irizarry steals 2nd base (no throw) 1-0: SINGLE (Line Drive, 5D, EV 109.4 MPH) Rafael Irizarry to third Runner from 3rd tries for Home, SAFE, throw by LF to home
|
Batting: LHB Dong-u Chang
|
0-0: Called Strike Nadhir Umayr is caught stealing 2nd base 2-6 0-1: Ball 1-1: Ball 2-1: Fly out, F7 (Line Drive, 7D, EV 89.4 MPH)
|
Bottom of the 8th over - 1 run, 1 hit, 0 errors, 0 left on base; Washington State University 2 - Wichita State University 3 |
TOP OF THE 9TH |
Washington State University Cougars batting - Pitching for Wichita State University Shockers : RHP Wes Frawley
|
Pitching: RHP Brandon Isabell
|
|
Now at 1B: Alex Rosaly
|
|
Batting: RHB David Martin
|
0-0: Ball 1-0: Called Strike 1-1: Ball 2-1: Called Strike 2-2: Ball 3-2: Fly out, F7 (Flyball, 78D, EV 76.9 MPH)
|
Pinch Hitting: RHB Terrell Smith
|
0-0: Called Strike 0-1: Ball 1-1: Swinging Strike 1-2: Strikes out swinging
|
Pinch Hitting: RHB Danny Hutto
|
0-0: Ball 1-0: Ball 2-0: Called Strike 2-1: Ball 3-1: Fly out, F9 (Flyball, 9D, EV 90.0 MPH)
|
Top of the 9th over - 0 runs, 0 hits, 0 errors, 0 left on base; Washington State University 2 - Wichita State University 3 |
|